[Event "Titled Tuesday Blitz August 22 Early 2023"]
[White "Galchenko, Matvey"]
[Black "Balint, Vilmos"]
[WhiteFideId "24175480"]
[BlackFideId "718050"]
[WhiteElo "2845"]
[BlackElo "2236"]
[Result "1-0"]
[Round "4"]
[TimeControl "180+1"]
[Date "2023.08.22"]
[WhiteClock "0:00:10"]
[BlackClock "0:01:01"]
[Board "116"]

1. e4 e6 2. d4 d5 3. e5 c5 4. c3 Nc6 5. Nf3 Qb6 6. a3 Nh6 7. Bd3 c4 8. Bc2 Na5 9. Nbd2 Nf5 10. Rb1 Bd7 11. O-O Be7 12. Re1 O-O 13. Nf1 Rac8 14. Bxf5 exf5 15. Bg5 Bxg5 16. Nxg5 h6 17. Nh3 Nb3 18. Nf4 Be6 19. Ne3 Rfd8 20. h4 Rd7 21. Nh5 Qd8 22. g3 b5 23. Qc2 Kh8 24. Kh2 a5 25. Rg1 b4 26. Nf4 bxc3 27. bxc3 Qe7 28. Nxf5 Qxa3 29. Nd6 Rxd6 30. exd6 Qxd6 31. Rbe1 a4 32. Re3 a3 33. Rge1 Bd7 34. Re5 Bc6 35. Qf5 Ra8 36. Qxf7 a2 37. Re7 Rg8 38. Ng6+ Kh7 39. h5 a1=Q 40. Nf8+ Rxf8 41. Qxg7# 1-0


[Site "https://www.chess.com"]

[Event "Titled Tuesday Blitz August 22 Early 2023"]
[White "Putnam, Liam"]
[Black "Balla, Tamas-Kristof"]
[WhiteFideId "30938279"]
[BlackFideId "1208497"]
[WhiteElo "2813"]
[BlackElo "2446"]
[Result "1-0"]
[Round "4"]
[TimeControl "180+1"]
[Date "2023.08.22"]
[WhiteClock "0:01:22"]
[BlackClock "0:00:55"]
[Board "117"]

1. e4 c5 2. Nf3 Nc6 3. d4 cxd4 4. Nxd4 e5 5. Nb5 d6 6. N1c3 a6 7. Na3 b5 8. Nd5 Nge7 9. c4 Nxd5 10. exd5 Nd4 11. cxb5 Bd7 12. bxa6 Qa5+ 13. Bd2 Qxd5 14. Nc2 Qe4+ 15. Ne3 Be7 16. f3 Bh4+ 17. g3 Nxf3+ 18. Kf2 Nxd2 19. Bg2 Qd4 20. gxh4 Rb8 21. a7 Ne4+ 22. Bxe4 Rxb2+ 23. Kf3 O-O 24. Qxd4 exd4 25. a8=Q 1-0


[Site "https://www.chess.com"]

[Event "Titled Tuesday Blitz August 22 Early 2023"]
[White "Kourkoulos-Arditis, Stamatis"]
[Black "Szyszylo, Rafal"]
[WhiteFideId "4221990"]
[BlackFideId "1109626"]
[WhiteElo "2706"]
[BlackElo "2459"]
[Result "1-0"]
[Round "4"]
[TimeControl "180+1"]
[Date "2023.08.22"]
[WhiteClock "0:01:14"]
[BlackClock "0:00:59"]
[Board "118"]

1. d4 d6 2. e4 g6 3. Bd3 Nf6 4. Nf3 Bg7 5. O-O O-O 6. Re1 Bg4 7. Nbd2 e5 8. c3 Nc6 9. h3 Bxf3 10. Nxf3 Re8 11. d5 Nb8 12. Bg5 h6 13. Be3 a5 14. Qd2 Kh7 15. b4 Nxe4 16. Bxe4 f5 17. Bc2 f4 18. Bxf4 exf4 19. Qd3 Rxe1+ 20. Rxe1 Qf6 21. Re6 Qf5 22. Qd1 Qf8 23. Bxg6+ Kg8 24. Re8 Qxe8 25. Bxe8 axb4 26. cxb4 Na6 27. Qe1 Nxb4 28. Bg6 Nxa2 29. Qe6+ Kh8 30. Bf5 Nc3 31. Nh4 f3 32. Ng6+ Kh7 33. Ne5+ Kh8 34. Nf7+ Kg8 35. Nxh6+ Kh8 36. Qg8+ Rxg8 37. Nf7# 1-0


[Site "https://www.chess.com"]

[Event "Titled Tuesday Blitz August 22 Early 2023"]
[White "Timmermans, Mark"]
[Black "JERO-8914"]
[WhiteFideId "1026399"]
[WhiteElo "2701"]
[BlackElo "2438"]
[Result "1-0"]
[Round "4"]
[TimeControl "180+1"]
[Date "2023.08.22"]
[WhiteClock "0:01:43"]
[BlackClock "0:01:47"]
[Board "119"]

1. e4 c5 2. Nf3 Nc6 3. d4 cxd4 4. Nxd4 e5 5. Nb5 a6 6. Nd6+ Bxd6 7. Qxd6 Qf6 8. Qd1 Qg6 9. Nc3 Nge7 10. Be3 d6 11. Qd2 O-O 12. O-O-O Rd8 13. Bb6 Rd7 14. Kb1 f5 15. Bc4+ Kh8 16. exf5 Nxf5 17. h4 Nfd4 18. h5 Qh6 19. Qxh6 gxh6 20. Nd5 Rg7 21. c3 Bf5+ 22. Kc1 Ne6 23. Ne3 1-0


[Site "https://www.chess.com"]

[Event "Titled Tuesday Blitz August 22 Early 2023"]
[White "Gubajdullin, Alexei"]
[Black "Herzog2012"]
[WhiteFideId "4141202"]
[WhiteElo "2659"]
[BlackElo "2444"]
[Result "1-0"]
[Round "4"]
[TimeControl "180+1"]
[Date "2023.08.22"]
[WhiteClock "0:00:46"]
[BlackClock "0:00:00"]
[Board "120"]

1. d4 Nf6 2. Nf3 e6 3. Bf4 c5 4. e3 Qb6 5. Nc3 Nc6 6. a3 a6 7. Be2 Nh5 8. Be5 cxd4 9. exd4 Nxe5 10. dxe5 d6 11. O-O dxe5 12. Nxe5 Nf4 13. Bf3 Qd6 14. Qe1 Qc7 15. Qe4 Bd6 16. Nc4 Ng6 17. Nxd6+ Qxd6 18. Rfd1 Qe5 19. Qa4+ Ke7 20. Qb4+ Ke8 21. Bxb7 Bxb7 22. Qxb7 Rb8 23. Qxa6 Rxb2 24. Qc6+ Kf8 25. Rd8+ Ke7 26. Rd7+ Kf6 27. Ne4+ Kf5 28. Rxf7+ Kg4 29. h3+ Kh5 30. Re1 Kh6 31. Qd7 Rxc2 32. Qd3 Rc7 33. Qe3+ Kh5 34. Ng3+ Qxg3 35. fxg3 Rxf7 36. g4+ Kh4 37. Kh2 Nf4 38. Qe5 1-0


[Site "https://www.chess.com"]

[Event "Titled Tuesday Blitz August 22 Early 2023"]
[White "Shuvalova, Polina"]
[Black "Rangel, Daniel"]
[WhiteFideId "24171760"]
[BlackFideId "2124475"]
[WhiteElo "2650"]
[BlackElo "2437"]
[Result "0-1"]
[Round "4"]
[TimeControl "180+1"]
[Date "2023.08.22"]
[WhiteClock "0:00:02"]
[BlackClock "0:00:03"]
[Board "121"]

1. e4 c5 2. c3 g6 3. d4 cxd4 4. cxd4 d5 5. e5 Bg7 6. Nf3 Bg4 7. Bb5+ Nc6 8. O-O e6 9. Bxc6+ bxc6 10. Nbd2 Ne7 11. b3 O-O 12. Ba3 Re8 13. Rc1 Qa5 14. Bxe7 Rxe7 15. Qc2 Rc7 16. h3 Bf5 17. Qc3 Qxa2 18. g4 Be4 19. Nxe4 dxe4 20. Nd2 Bh6 21. Rc2 Bxd2 22. Rxd2 Qa3 23. Ra1 Qe7 24. Qe3 Qh4 25. Kg2 Rb8 26. Ra3 Rcb7 27. Rc2 Rb6 28. Rc3 R8b7 29. Qxe4 h5 30. Rf3 hxg4 31. hxg4 Qg5 32. Rg3 Kg7 33. Re3 Rb4 34. Rg3 Rd7 35. Ra4 Rdxd4 36. Rxb4 Rxe4 37. Rxe4 Qd2 38. Rc4 Qd5+ 39. Rf3 Qxe5 40. Rxc6 Qe4 41. Rc4 Qd5 42. Kg3 f5 43. g5 Qd6+ 44. Kg2 Qe7 45. Rg3 e5 46. Kh1 f4 47. Rg2 Qd7 48. Kh2 Kf7 49. f3 Ke6 50. Re2 Kf5 51. Rc5 Qd6 52. b4 a6 53. Kg2 Qe7 54. Ra5 Qxg5+ 55. Kf1 Qf6 56. Kf2 Qb6+ 57. Kf1 Qd6 58. Rc5 g5 59. Kf2 Qd4+ 60. Kf1 Qd6 61. Kf2 g4 62. fxg4+ Kxg4 63. Rcxe5 Qd4+ 64. Kf1 Qxb4 65. R5e4 Qb1+ 66. Kf2 Qb6+ 67. Kf1 a5 68. Ra4 Kf3 69. Rf2+ Qxf2# 0-1


[Site "https://www.chess.com"]

[Event "Titled Tuesday Blitz August 22 Early 2023"]
[White "Zarubitski, Viachaslau"]
[Black "Buchenau, Frank"]
[WhiteFideId "13509373"]
[BlackFideId "4604350"]
[WhiteElo "2620"]
[BlackElo "2426"]
[Result "1-0"]
[Round "4"]
[TimeControl "180+1"]
[Date "2023.08.22"]
[WhiteClock "0:02:36"]
[BlackClock "0:01:12"]
[Board "122"]

1. e4 e6 2. d3 d5 3. Nd2 Nf6 4. Ngf3 b6 5. e5 Nfd7 6. g3 Nc6 7. d4 f6 8. Bb5 Bb7 9. O-O fxe5 10. dxe5 Be7 11. Bxc6 Bxc6 12. Nd4 Nxe5 13. Qh5+ g6 14. Qxe5 Bf6 15. Qxe6+ 1-0


[Site "https://www.chess.com"]

[Event "Titled Tuesday Blitz August 22 Early 2023"]
[White "Khromkin, Andrey"]
[Black "Sadykov, Ramil"]
[WhiteFideId "4154126"]
[BlackFideId "24113590"]
[WhiteElo "2420"]
[BlackElo "2612"]
[Result "0-1"]
[Round "4"]
[TimeControl "180+1"]
[Date "2023.08.22"]
[WhiteClock "0:00:01"]
[BlackClock "0:00:51"]
[Board "123"]

1. d4 Nf6 2. c4 e6 3. Nf3 Bb4+ 4. Bd2 Qe7 5. g3 O-O 6. Bg2 Bxd2+ 7. Qxd2 d6 8. Nc3 e5 9. dxe5 dxe5 10. Nd5 Nxd5 11. cxd5 e4 12. Nd4 Rd8 13. Nc2 Nd7 14. Rd1 Nf6 15. Qe3 Bf5 16. O-O Nxd5 17. Qb3 c6 18. Rd4 Rd7 19. Rfd1 Rad8 20. Qa4 a6 21. Bxe4 b5 22. Bxf5 bxa4 23. Bxd7 Rxd7 24. e4 Nb6 25. Ne3 Rxd4 26. Rxd4 g6 27. h4 Qc5 28. Rd8+ Kg7 29. Ng4 Qc1+ 30. Kh2 Qxb2 31. e5 h5 32. Nf6 Qxe5 33. Ne8+ 0-1


[Site "https://www.chess.com"]

[Event "Titled Tuesday Blitz August 22 Early 2023"]
[White "Fernandez Garcia, Gumersindo"]
[Black "Boarish_Male"]
[WhiteFideId "24516740"]
[WhiteElo "2415"]
[BlackElo "2598"]
[Result "0-1"]
[Round "4"]
[TimeControl "180+1"]
[Date "2023.08.22"]
[WhiteClock "0:00:04"]
[BlackClock "0:00:39"]
[Board "124"]

1. e4 c5 2. c3 d5 3. exd5 Qxd5 4. Nf3 Nc6 5. d4 cxd4 6. cxd4 e5 7. Be2 exd4 8. O-O Be6 9. Nc3 dxc3 10. Qa4 Bc5 11. Rd1 Qf5 12. Bd3 Qh5 13. Qb5 c2 14. Re1 O-O-O 15. Bg5 Be7 16. Be4 Bd7 17. Bxc6 Bxc6 18. Qf5+ Rd7 19. b4 h6 20. b5 Bxf3 21. Qxc2+ Kd8 22. Rac1 Ke8 23. Bxe7 Nxe7 24. Qc8+ Rd8 25. Qc7 Qg5 26. g3 Bd5 27. Rc3 Be6 28. Rce3 Nd5 29. Rxe6+ fxe6 30. Rxe6+ Ne7 31. f4 Rd1+ 32. Kf2 Rd2+ 33. Kg1 Rg2+ 34. Kxg2 Qd5+ 35. Kg1 Qxe6 36. Qb8+ Qc8 37. Qe5 Qc1+ 0-1


[Site "https://www.chess.com"]

[Event "Titled Tuesday Blitz August 22 Early 2023"]
[White "Dwilewicz, Katarzyna"]
[Black "Jia, Haoxiang"]
[WhiteFideId "1148486"]
[BlackFideId "8602999"]
[WhiteElo "2415"]
[BlackElo "2579"]
[Result "1/2-1/2"]
[Round "4"]
[TimeControl "180+1"]
[Date "2023.08.22"]
[WhiteClock "0:00:10"]
[BlackClock "0:00:03"]
[Board "125"]

1. e4 c5 2. Nf3 d6 3. d4 cxd4 4. Nxd4 Nf6 5. Nc3 g6 6. Bc4 Bg7 7. O-O O-O 8. Bb3 Nc6 9. Nde2 a6 10. h3 Na5 11. Re1 Nxb3 12. axb3 Bd7 13. Nd4 Bc6 14. Nxc6 bxc6 15. Be3 Nd7 16. Qe2 Qc8 17. f4 Qb7 18. Red1 Rfd8 19. Bd4 Bh6 20. Qf3 c5 21. Be3 Nb6 22. Nd5 Nxd5 23. exd5 Bg7 24. c3 Qxb3 25. Qe2 a5 26. g4 Rdb8 27. Rd2 a4 28. Ra3 Qb5 29. Kf2 Qxe2+ 30. Kxe2 Rb3 31. Rxb3 axb3 32. Kd3 Ra1 33. Kc4 Rh1 34. Kxb3 Rxh3 35. Re2 h5 36. gxh5 gxh5 37. Kc4 Rh1 38. b4 cxb4 39. cxb4 h4 40. b5 h3 41. b6 h2 42. Rc2 Bf6 43. b7 Rb1 44. Rxh2 Rxb7 45. Rg2+ Kh7 46. f5 Rc7+ 47. Kd3 Rb7 48. Rh2+ Kg8 49. Rg2+ Kf8 50. Bh6+ Ke8 51. Rg8+ Kd7 52. Be3 Rb3+ 53. Ke4 Rb4+ 54. Kd3 Rb5 55. Ke4 Ra5 56. Rb8 Ra4+ 57. Kd3 Kc7 58. Rf8 Ra3+ 59. Ke4 Ra4+ 60. Kd3 Ra5 61. Ke4 Ra4+ 62. Kd3 1/2-1/2


[Site "https://www.chess.com"]

[Event "Titled Tuesday Blitz August 22 Early 2023"]
[White "Nosacheva, Mariya"]
[Black "Arabidze, Meri"]
[WhiteFideId "34111422"]
[BlackFideId "13604040"]
[WhiteElo "2411"]
[BlackElo "2577"]
[Result "0-1"]
[Round "4"]
[TimeControl "180+1"]
[Date "2023.08.22"]
[WhiteClock "0:00:03"]
[BlackClock "0:01:04"]
[Board "126"]

1. e4 c5 2. Nf3 e6 3. d4 cxd4 4. Nxd4 Nc6 5. Nb5 d6 6. c4 Nf6 7. N1c3 a6 8. Na3 Be7 9. Be2 O-O 10. O-O b6 11. Be3 Bb7 12. Nc2 Ne5 13. f4 Ned7 14. Bd3 Nc5 15. e5 dxe5 16. Be2 exf4 17. Bxf4 Nce4 18. Nxe4 Nxe4 19. Qe1 Bc5+ 20. Kh1 f5 21. Rd1 Qf6 22. b4 Be7 23. Be3 e5 24. Bg4 Qg6 25. Bf3 Rad8 26. Bg1 Rxd1 27. Qxd1 Qh6 28. Qe1 Bh4 29. Qd1 Ng3+ 30. hxg3 Bxg3+ 31. Bh5 g6 32. Bxb6 gxh5 33. Bc5 Qg5 34. Kg1 Bh2+ 35. Kf2 Qxg2+ 36. Ke1 Bg3+ 37. Rf2 Bxf2+ 38. Bxf2 Qh1+ 39. Kd2 Rd8+ 0-1


[Site "https://www.chess.com"]

[Event "Titled Tuesday Blitz August 22 Early 2023"]
[White "Manukian, Artak"]
[Black "Yurovskykh, Oleksandr"]
[WhiteFideId "13301373"]
[BlackFideId "14134020"]
[WhiteElo "2395"]
[BlackElo "2574"]
[Result "0-1"]
[Round "4"]
[TimeControl "180+1"]
[Date "2023.08.22"]
[WhiteClock "0:00:28"]
[BlackClock "0:00:08"]
[Board "127"]

1. e4 d5 2. exd5 Nf6 3. Nc3 Nxd5 4. Bc4 Nb6 5. Bb3 Nc6 6. Qf3 e6 7. Nge2 Be7 8. d4 O-O 9. h4 Na5 10. Bg5 Nxb3 11. axb3 f6 12. Be3 Nd5 13. O-O-O b6 14. Nxd5 Qxd5 15. Qxd5 exd5 16. Nc3 c6 17. Rde1 Bd6 18. g3 Bg4 19. Bf4 Bxf4+ 20. gxf4 Rae8 21. Re3 Kf7 22. b4 Bd7 23. Rhe1 Rxe3 24. fxe3 Re8 25. Kd2 Re7 26. b5 Be8 27. b4 cxb5 28. Nxd5 Rb7 29. e4 a5 30. e5 Bc6 31. Ne3 fxe5 32. dxe5 g6 33. h5 Ke6 34. hxg6 hxg6 35. Rg1 Be4 36. c3 a4 37. Nc2 Bxc2 38. Kxc2 Rg7 39. Rg5 Rg8 40. f5+ Kxe5 41. Rxg6 Rxg6 42. fxg6 Kf6 43. c4 bxc4 44. b5 Kxg6 45. Kc3 a3 0-1


[Site "https://www.chess.com"]

[Event "Titled Tuesday Blitz August 22 Early 2023"]
[White "Labussiere, Yago"]
[Black "NovoselovRoman"]
[WhiteFideId "2186969"]
[WhiteElo "2389"]
[BlackElo "2566"]
[Result "0-1"]
[Round "4"]
[TimeControl "180+1"]
[Date "2023.08.22"]
[WhiteClock "0:00:00"]
[BlackClock "0:00:47"]
[Board "128"]

1. d4 d5 2. c4 e6 3. Nf3 Nf6 4. g3 c5 5. cxd5 Nxd5 6. Bg2 Nc6 7. O-O Be7 8. a3 O-O 9. dxc5 Bxc5 10. Qc2 Qe7 11. b4 Bb6 12. e4 Nd4 13. Nxd4 Bxd4 14. Bb2 Bxb2 15. Qxb2 Nb6 16. Nc3 Bd7 17. e5 Rab8 18. Rac1 Nc4 19. Qa2 Nxe5 20. Qe2 Ng6 21. Rfd1 Rfc8 22. h4 Bc6 23. Ne4 Rd8 24. Nc5 Bxg2 25. Kxg2 b6 26. Ne4 Nf8 27. Nd2 e5 28. Nc4 f6 29. Ne3 Ne6 30. Qc4 Kh8 31. Nf5 Qb7+ 32. Kg1 Rxd1+ 33. Rxd1 Qf3 34. Rd6 Qxf5 35. Qxe6 Qxe6 36. Rxe6 Kg8 37. Re7 a5 38. b5 Rd8 39. Rb7 Rd6 40. Kg2 h5 41. Kf3 f5 42. Ke2 Kh7 43. Ke3 Kg6 44. a4 Kf6 45. Rc7 g6 46. Rb7 Ke6 47. Rc7 Kd5 48. Rc8 Rf6 49. f4 Re6 50. fxe5 Kxe5 51. Rb8 Kd5+ 52. Kf4 Kc5 53. Kg5 Kb4 54. Rxb6 Rxb6 0-1


[Site "https://www.chess.com"]

[Event "Titled Tuesday Blitz August 22 Early 2023"]
[White "Gutkin, Ilya"]
[Black "Postlmayer, Jakob"]
[WhiteFideId "16203470"]
[BlackFideId "1643622"]
[WhiteElo "2375"]
[BlackElo "2549"]
[Result "0-1"]
[Round "4"]
[TimeControl "180+1"]
[Date "2023.08.22"]
[WhiteClock "0:00:01"]
[BlackClock "0:00:21"]
[Board "129"]

1. e4 c5 2. Nf3 d6 3. Bb5+ Nd7 4. O-O a6 5. Bd3 Ngf6 6. Re1 e6 7. Bf1 Be7 8. c3 O-O 9. d4 b5 10. a4 Bb7 11. Nbd2 Qb6 12. Bd3 e5 13. a5 Qc7 14. d5 c4 15. Bc2 Nc5 16. Nf1 h6 17. Ng3 Rfe8 18. Nf5 Bf8 19. N3h4 Kh7 20. Qf3 Ng8 21. Ng3 g6 22. Ne2 Bc8 23. Qg3 Bg7 24. f4 Nf6 25. f5 g5 26. Nf3 Ncxe4 27. Bxe4 Nxe4 28. Qh3 Qc5+ 29. Ned4 exd4 30. Kf1 dxc3 31. Be3 Qxd5 32. Rad1 Qxf5 33. g4 Qxg4 34. Qxg4 Bxg4 35. bxc3 Bxf3 0-1


[Site "https://www.chess.com"]

[Event "Titled Tuesday Blitz August 22 Early 2023"]
[White "Nazaretyan, Tigran"]
[Black "Zeck_CH"]
[WhiteFideId "24162345"]
[WhiteElo "2549"]
[BlackElo "2367"]
[Result "0-1"]
[Round "4"]
[TimeControl "180+1"]
[Date "2023.08.22"]
[WhiteClock "0:00:00"]
[BlackClock "0:00:33"]
[Board "130"]

1. d4 Nf6 2. c4 d6 3. Nf3 g6 4. Nc3 Bf5 5. Nh4 Bd7 6. e4 e5 7. Nf3 Nc6 8. d5 Ne7 9. h3 Bg7 10. g4 a5 11. Bg5 h6 12. Be3 a4 13. Qd2 a3 14. b4 g5 15. c5 Ng6 16. b5 Nf4 17. c6 Bc8 18. b6 cxb6 19. c7 Qxc7 20. Nb5 Qd8 21. Qb4 O-O 22. Nxd6 N6xd5 23. exd5 Nxd5 24. Qe4 Qxd6 25. Bd3 Nf6 26. Qc4 e4 27. Bxe4 Nxe4 28. Rd1 Qc6 29. Qxc6 bxc6 30. Bxb6 Ba6 31. Rd7 Bc3+ 32. Kd1 Rab8 33. Re7 Rxb6 34. Rxe4 Bd3 35. Nd2 Bxe4 36. Nxe4 Rb1+ 37. Kc2 Rxh1 38. Nxc3 Rxh3 39. Nb1 Rb8 40. Nd2 Rb2+ 41. Kd1 Rd3 42. Ke1 Rdxd2 0-1


[Site "https://www.chess.com"]

[Event "Titled Tuesday Blitz August 22 Early 2023"]
[White "Budrewicz, Krzysztof"]
[Black "Battlecruiser_Operational"]
[WhiteFideId "1127950"]
[WhiteElo "2542"]
[BlackElo "2333"]
[Result "1-0"]
[Round "4"]
[TimeControl "180+1"]
[Date "2023.08.22"]
[WhiteClock "0:00:51"]
[BlackClock "0:00:00"]
[Board "131"]

1. d4 e6 2. c4 f5 3. Nf3 Nf6 4. g3 Be7 5. Bg2 O-O 6. O-O d6 7. Nc3 Qe8 8. Qc2 Nc6 9. a3 e5 10. dxe5 dxe5 11. Nd5 Bd8 12. Bg5 e4 13. Ne1 Nxd5 14. Bxd8 Qxd8 15. cxd5 Qxd5 16. Rd1 Qf7 17. f3 Be6 18. Qc3 exf3 19. exf3 f4 20. Nd3 Bb3 21. Rc1 fxg3 22. hxg3 Rad8 23. Nc5 Nd4 24. Rf2 b6 25. Nxb3 Nxb3 26. Re1 c5 27. f4 Nd4 28. b4 cxb4 29. axb4 h6 30. Rd2 Qf6 31. Qc4+ Kh8 32. Red1 Ne6 33. Bd5 Rde8 34. Ra2 Re7 35. Bxe6 Qxe6 36. Qxe6 Rxe6 37. Rxa7 Rfe8 38. Rdd7 Rg6 39. Kf2 Rc8 40. Rac7 Rxc7 41. Rxc7 Kg8 42. b5 Rd6 43. Rc6 Rd2+ 44. Ke3 Rg2 45. Kf3 Rb2 46. Rxb6 Kh7 47. Kg4 Rb3 48. Kh4 Rb4 49. Kg4 Rb3 50. Rb7 Kg6 51. f5+ Kf6 52. Rb6+ Kf7 53. Kf4 Rb4+ 54. Ke5 Rb3 55. Rb7+ Kg8 56. g4 Rb4 57. Rb8+ Kh7 58. b6 Rxg4 59. Kd6 Rb4 60. Kc7 h5 61. Rd8 Kh6 62. Rb8 Kg5 63. Rg8 1-0


[Site "https://www.chess.com"]

[Event "Titled Tuesday Blitz August 22 Early 2023"]
[White "Gontcharov, Vladislav"]
[Black "Hrescak, Ivana"]
[WhiteFideId "4123492"]
[BlackFideId "14613441"]
[WhiteElo "2537"]
[BlackElo "2294"]
[Result "1-0"]
[Round "4"]
[TimeControl "180+1"]
[Date "2023.08.22"]
[WhiteClock "0:00:50"]
[BlackClock "0:00:07"]
[Board "132"]

1. d4 d5 2. c4 c6 3. Nf3 Nf6 4. e3 Bf5 5. cxd5 cxd5 6. Nc3 Nc6 7. Bb5 e6 8. Ne5 Rc8 9. g4 Be4 10. f3 Bg6 11. h4 h5 12. Nxg6 fxg6 13. Bd3 Ne7 14. Qa4+ Kf7 15. gxh5 Rxh5 16. Bd2 Nf5 17. O-O-O a6 18. Kb1 Qb6 19. Ne2 Rxh4 20. Nf4 Bd6 21. Bxf5 Rxh1 22. Bxg6+ Ke7 23. Rxh1 Bxf4 24. exf4 Qc7 25. Rc1 Qd8 26. Bb4+ 1-0


[Site "https://www.chess.com"]

[Event "Titled Tuesday Blitz August 22 Early 2023"]
[White "Tiarks, Jann-Christian"]
[Black "Shvedova, Alexandra"]
[WhiteFideId "12951595"]
[BlackFideId "54154782"]
[WhiteElo "2298"]
[BlackElo "2533"]
[Result "0-1"]
[Round "4"]
[TimeControl "180+1"]
[Date "2023.08.22"]
[WhiteClock "0:00:45"]
[BlackClock "0:00:21"]
[Board "133"]

1. e4 c5 2. Nf3 Nc6 3. Bb5 e6 4. O-O Nge7 5. Re1 a6 6. Bf1 d5 7. exd5 Nxd5 8. d4 Nf6 9. Be3 cxd4 10. Nxd4 Nxd4 11. Qxd4 Be7 12. Nc3 O-O 13. Rad1 Qa5 14. Qb6 Qxb6 15. Bxb6 Nd7 16. Bc7 b5 17. Be2 Ra7 18. Bf4 Nf6 19. Bf3 b4 20. Ne4 Nd5 21. Bd6 Bxd6 22. Nxd6 Nf6 23. Rd4 a5 24. Red1 Bd7 25. g3 h6 26. h4 Rc7 27. R1d2 e5 28. Rd5 Nxd5 29. Bxd5 Be6 30. Bxe6 fxe6 31. Ne4 Rfc8 32. c3 bxc3 33. Nxc3 Kf7 34. Re2 Rc5 35. Ne4 Rd5 36. Kg2 Ke7 37. Nc3 Rdc5 38. Re4 Rb8 39. Kf3 Rb4 40. a3 Rb3 41. Kg2 Kf6 42. Re2 Kf7 43. h5 Rc4 44. Rxe5 Rxb2 45. Ne4 Ra4 46. Rxe6 Kxe6 47. Nc5+ Kf5 48. Nxa4 Rb3 49. Nc5 Rxa3 50. f3 Ra2+ 51. Kh3 a4 52. Nd3 a3 53. g4+ Kf6 54. f4 Rd2 55. Nb4 a2 56. Nxa2 Rxa2 57. Kh4 Ra4 58. Kg3 Ra3+ 59. Kh4 Rf3 60. g5+ hxg5+ 61. fxg5+ Kf5 62. h6 gxh6 63. gxh6 Kg6 64. Kg4 Rf8 0-1


[Site "https://www.chess.com"]

[Event "Titled Tuesday Blitz August 22 Early 2023"]
[White "Zampronha, Wladimir Camilo"]
[Black "Jovic, Stanoje"]
[WhiteFideId "2103087"]
[BlackFideId "905020"]
[WhiteElo "2283"]
[BlackElo "2532"]
[Result "0-1"]
[Round "4"]
[TimeControl "180+1"]
[Date "2023.08.22"]
[WhiteClock "0:00:00"]
[BlackClock "0:00:05"]
[Board "134"]

1. e4 c6 2. d4 d5 3. e5 c5 4. Nf3 Nc6 5. c4 Bg4 6. cxd5 Bxf3 7. Qxf3 Nxd4 8. Qe4 f5 9. exf6 Nxf6 10. Qe5 Nc2+ 11. Kd1 Nxa1 12. Bb5+ Nd7 13. b3 a6 14. Bxd7+ Qxd7 15. Bb2 O-O-O 16. Nc3 e6 17. Bxa1 exd5 18. Kc2 Bd6 19. Qxd5 Rhf8 20. f3 Qe8 21. Ne4 Qg6 22. Qg5 Qxg5 23. Nxg5 Bf4 24. Ne6 Rd2+ 25. Kc3 Rxa2 26. Nxf8 Be5+ 27. Kc4 Bxa1 28. Kxc5 Bf6 29. Nxh7 Rc2+ 30. Kd5 Be7 31. g4 Rc3 32. f4 Rxb3 33. f5 Rh3 34. Ke6 Bd8 35. Nf8 b5 36. Kf7 b4 37. Kxg7 a5 38. Ng6 b3 39. g5 Bxg5 40. Ne5 b2 41. Rb1 Rxh2 42. Nf3 Rg2 43. Nxg5 Rxg5+ 44. Kh6 Rg2 45. f6 Kd7 46. Re1 Re2 47. Rxe2 b1=Q 48. f7 Qh1+ 49. Kg7 Qg1+ 50. Kh7 Qf1 0-1


[Site "https://www.chess.com"]

[Event "Titled Tuesday Blitz August 22 Early 2023"]
[White "Miguelitro69"]
[Black "Hajiyev, Kanan"]
[BlackFideId "13404148"]
[WhiteElo "2248"]
[BlackElo "2516"]
[Result "1-0"]
[Round "4"]
[TimeControl "180+1"]
[Date "2023.08.22"]
[WhiteClock "0:01:06"]
[BlackClock "0:01:23"]
[Board "135"]

1. e4 c6 2. d4 d5 3. Nc3 a6 4. Nge2 Bg4 5. f3 Bh5 6. Ng3 Bg6 7. Be2 e6 8. O-O Nf6 9. Kh1 Bb4 10. e5 Nfd7 11. f4 f5 12. exf6 Nxf6 13. Bg4 Nxg4 14. Qxg4 Qf6 15. f5 h5 16. Qxg6+ Qxg6 17. fxg6 h4 18. Nge2 Nd7 19. Bg5 h3 20. g3 e5 21. dxe5 Nxe5 22. Nd4 Nxg6 23. Rae1+ Kd7 24. Rf7+ Kd6 25. Rxg7 Rhg8 26. Nf5+ Kc5 27. Be3+ Kc4 28. a3 Rxg7 29. axb4 Rd7 30. Bc5 Rad8 31. Ne3# 1-0


[Site "https://www.chess.com"]

[Event "Titled Tuesday Blitz August 22 Early 2023"]
[White "matenitian"]
[Black "Tharushi, T H D Niklesha"]
[BlackFideId "9918264"]
[WhiteElo "2513"]
[BlackElo "2191"]
[Result "1-0"]
[Round "4"]
[TimeControl "180+1"]
[Date "2023.08.22"]
[WhiteClock "0:00:13"]
[BlackClock "0:00:30"]
[Board "136"]

1. e4 c5 2. Nc3 e6 3. Nf3 Nc6 4. g3 Nge7 5. Bg2 g6 6. O-O Bg7 7. d3 O-O 8. Be3 b6 9. d4 cxd4 10. Nxd4 Bb7 11. Ndb5 Nc8 12. Bf4 e5 13. Be3 d6 14. Nd5 a6 15. Nbc7 Rb8 16. c3 Ba8 17. Nxa6 Rb7 18. Nab4 Rd7 19. Bh3 f5 20. Qb3 Kh8 21. Rad1 Nxb4 22. Qxb4 f4 23. Bxd7 Qxd7 24. Bxb6 f3 25. Kh1 Qh3 26. Rg1 g5 27. Be3 Bf6 28. Qc4 Bd8 29. g4 Rg8 30. Qxc8 Ba5 31. Qf5 Rg6 32. Qf8+ Rg8 33. Qf6+ Rg7 34. Rg3 Qh4 35. Ne7 Bd8 36. Qf8+ Rg8 37. Qxg8# 1-0


[Site "https://www.chess.com"]

[Event "Titled Tuesday Blitz August 22 Early 2023"]
[White "Ocido, Michael"]
[Black "Dilmukhametov, Artur"]
[WhiteFideId "115201920"]
[BlackFideId "24179922"]
[WhiteElo "2497"]
[BlackElo "2175"]
[Result "0-1"]
[Round "4"]
[TimeControl "180+1"]
[Date "2023.08.22"]
[WhiteClock "0:00:15"]
[BlackClock "0:00:21"]
[Board "137"]

1. d4 d5 2. Nc3 c6 3. Bf4 Nf6 4. e3 a6 5. Nf3 e6 6. Ne5 c5 7. Bg3 Nc6 8. f4 cxd4 9. exd4 Qb6 10. Nxc6 bxc6 11. Rb1 c5 12. Bf2 c4 13. Be2 Bd7 14. O-O Bb4 15. f5 exf5 16. Bf3 Be6 17. Qe2 O-O 18. Qe5 Bd6 19. Qe2 Ne4 20. Bxe4 fxe4 21. Nxe4 dxe4 22. d5 Bxh2+ 23. Kxh2 Qd6+ 24. Bg3 Qxd5 25. Rbd1 Qb5 26. Qxe4 Qh5+ 27. Kg1 Rfe8 28. Qd4 h6 29. b3 cxb3 30. axb3 Qg6 31. Rd3 Bf5 32. Rdf3 Bxc2 33. Rxf7 Qxg3 34. Qc4 Kh7 35. Qxc2+ Qg6 36. Qc7 Rac8 37. Qa7 Rc2 38. Qb7 Ree2 39. Rxg7+ Qxg7 40. Rf7 Rxg2+ 41. Kf1 Rg1# 0-1


[Site "https://www.chess.com"]

[Event "Titled Tuesday Blitz August 22 Early 2023"]
[White "szachmistrz2500"]
[Black "Kowalysko, Roman"]
[BlackFideId "30918510"]
[WhiteElo "2488"]
[BlackElo "2173"]
[Result "1-0"]
[Round "4"]
[TimeControl "180+1"]
[Date "2023.08.22"]
[WhiteClock "0:02:24"]
[BlackClock "0:02:17"]
[Board "138"]

1. Nf3 Nf6 2. g3 Nc6 3. Bg2 e5 4. O-O e4 5. Ne1 d5 6. d3 Bc5 7. Nc3 exd3 8. Nxd3 Bb6 9. Bg5 Be6 10. e4 dxe4 11. Nxe4 Bd4 12. c3 Be5 13. Nxe5 Nxe5 14. Qxd8+ Rxd8 15. Nxf6+ gxf6 16. Bxf6 Ng6 17. Bxh8 Nxh8 18. Rad1 Bc8 19. Rfe1+ Be6 20. Rxd8+ 1-0


[Site "https://www.chess.com"]